AoeStats
← JAGR I Makako

Arabia

508545891Analyzed
1v1 RM · 9d ago on Sep 23, 2026· 40m 2s· 2 players
Game mode
Random Map
Map size
Tiny (2 player)
Population
200
Speed
Normal
Resources
Standard
Victory
Conquest
Starting age
Dark Age
Ending age
Imperial Age
RankedLock teamsTeams togetherTeam positionsShared explorationLock speedFull tech treeHidden civsTurbo modeCheats
Victory
Defeat
🇨🇴 Hindustanis · Colombia
1254
+17
🇲🇽 Varangians · Mexico
1265
-17
Not-gg-to-pickers
6:51 Loom
9:20 Feudal Age
9:48 Man-at-Arms
10:14 Double-Bit Axe
14:29 Fletching
22:52 Castle Age
20:55 Horse Collar
21:42 Gold Mining
22:08 Bloodlines
22:19 Scale Barding Armor
22:39 Forging
23:51 Husbandry
26:40 Bow Saw
31:08 Chain Barding Armor
32:44 Wheelbarrow
34:39 Iron Casting
39:45 Imperial Age
37:33 Hand Cart
39:49 Heavy Camel Rider
JAGR I Makako
9:06 Feudal Age
8:51 Loom
9:33 Double-Bit Axe
10:04 Horse Collar
18:09 Bloodlines
19:54 Scale Barding Armor
21:26 Wheelbarrow
25:23 Castle Age
23:54 Forging
24:05 Gold Mining
26:32 Chain Barding Armor
27:31 Fletching
33:08 Bow Saw
35:03 Heavy Plow
36:26 Husbandry
39:57 Hand Cart
Connection lost

Rejoining the realm…

Still unreachable

The connection could not be restored.

Session expired

The server has moved on; the page needs a fresh start.